 Dungeon Crawl Stone Soup version 0.17-a0-1078-g243345b (webtiles) character file.

338 nubinia the Magician (level 6, -1/29 HPs)
             Began as a Spriggan Venom Mage on May 19, 2015.
             Slain by an ice beast (11 damage)
             ... on level 4 of the Dungeon.
             The game lasted 00:20:18 (4256 turns).

nubinia the Magician (Spriggan Venom Mage)          Turns: 4256, Time: 00:20:18

Health: -1/29      AC:  2    Str:  4    XL:     6   Next: 29%
Magic:  13/14      EV: 19    Int: 19    God:
Gold:   129        SH:  0    Dex: 16    Spells: 3 memorised, 9 levels left

rFire  . . .     SeeInvis +     a - +0 short sword
rCold  . . .     Clarity  .     e - +0 robe
rNeg   . . .     SustAb   .     (shield restricted)
rPois  +         Gourm    .     (helmet restricted)
rElec  .         Spirit   .     (no cloak)
rCorr  .         Warding  .     (gloves unavailable)
rMut   .         Stasis   .     (boots unavailable)
MR     +....                    (no amulet)
Stlth  ++++......               t - ring of stealth
                                y - ring of poison resistance

@: very quick, somewhat resistant to hostile enchantments, stealthy
A: unfitting armour, see invisible, herbivore 3, speed 3, slow metabolism 2
a: no special abilities


You were on level 4 of the Dungeon.
You were not hungry.

You visited 1 branch of the dungeon, and saw 6 of its levels.

You collected 129 gold pieces.

Inventory:

Hand weapons
 a - a +0 short sword (weapon)
 b - a +0 blowgun
Missiles
 v - 13 poisoned needles
Armour
 e - a +0 robe (worn)
 r - a +0 buckler
Jewellery
 n - a +3 ring of intelligence
 t - a ring of stealth (right hand)
 y - a ring of poison resistance (left hand)
Scrolls
 d - a scroll of immolation {unknown}
 g - a scroll of teleportation {unknown}
 h - a scroll of noise
 i - a scroll of remove curse
 k - a scroll of recharging
 m - a scroll of random uselessness {unknown}
 x - a scroll of fear {unknown}
Potions
 f - a potion of cancellation {unknown}
 j - a potion of flight {unknown}
 l - a potion of curing
 o - a potion of might {unknown}
 p - a potion of mutation {unknown}
 q - a potion of brilliance {unknown}
 s - a potion of heal wounds
 w - a potion of beneficial mutation
 z - a potion of ambrosia
Books
 u - a Young Poisoner's Handbook

   Spells                             Type                      Level
   a - Sting                          Conjuration/Poison           1
   b - Cure Poison                    Poison                       2
   c - Mephitic Cloud                 Conjuration/Poison/Air       3
   d - Olgreb's Toxic Radiance        Poison                       4
   e - Venom Bolt                     Conjuration/Poison           5
Comestibles
 c - 3 bread rations


   Skills:
 + Level 0.4 Fighting
 + Level 0.2 Throwing
 + Level 4.1 Dodging
 + Level 3.4 Stealth
 * Level 5.1 Spellcasting
 + Level 1.8 Conjurations
 * Level 1.7 Air Magic
 + Level 4.8 Poison Magic


You had 9 spell levels left.
You knew the following spells:

 Your Spells              Type           Power        Failure   Level  Hunger
a - Sting                 Conj/Pois      ###.         3%          1    None
b - Cure Poison           Pois           ###.......   2%          2    #......
c - Mephitic Cloud        Conj/Pois/Air  ###.....     12%         3    ##.....


Dungeon Overview and Level Annotations

Branches:
Dungeon (6/15)
 Temple: D:4-7

Altars:
Nemelex Xobeh
Qazlal
Ru
Zin

Annotations:
D:5 exclusion: shadow imp


Innate Abilities, Weirdness & Mutations

You are tiny and cannot use many weapons and most armour.
You have supernaturally acute eyesight.
You are a herbivore.
You cover ground extremely quickly.
You need consume almost no food.


Message History

The rat barely misses you. The ice beast hits you. The ice beast freezes you.
You climb upwards.
There is a stone staircase leading down here.
Casting: Mephitic Cloud
Confirm with . or Enter, or press ? or * to list all spells.
Okay, then.
Drink which item? (? for menu, Esc to quit)
Okay, then.
Drink which item? (? for menu, Esc to quit)
Okay, then.
Casting: Mephitic Cloud
Confirm with . or Enter, or press ? or * to list all spells.
Aiming: Sting
Press: ? - help, Shift-Dir - straight line, f - rat
Aim: a rat The sting hits the rat.
The rat is poisoned.
You kill the rat!
The orc priest hits you with a whip! The ice beast hits you.
The ice beast freezes you!
You die...

.# ### ### ..
###8###8###
#.###8...8...8###
#..##.......[.####
#..#_....[...o@#.#
#.###........Y##.#
###8...8...8##.#
###8###8### .# ###
### #


You could see an ice beast and an orc priest.

Vanquished Creatures
  A scorpion (D:6)
  A hound (D:6)
  An orc priest (D:4)
  2 orc wizards
  8 adders
  4 oozes
  A worm (D:3)
  A giant gecko (D:3)
  2 orcs
  A ball python (D:2)
  A bat zombie (D:5)
  5 giant cockroaches
  11 hobgoblins
  9 jackals
  8 kobolds
  8 bats
  A giant newt (D:1)
  9 goblins
  11 rats
85 creatures vanquished.

Notes
Turn   | Place    | Note
--------------------------------------------------------------
     0 | D:1      | nubinia the Spriggan Venom Mage began the quest for the Orb.
     0 | D:1      | Reached XP level 1. HP: 9/9 MP: 5/5
   304 | D:1      | Reached XP level 2. HP: 13/13 MP: 4/6
   308 | D:1      | Learned a level 2 spell: Cure Poison
  1048 | D:1      | Reached XP level 3. HP: 16/16 MP: 5/8
  1053 | D:1      | Learned a level 3 spell: Mephitic Cloud
  1899 | D:2      | Reached XP level 4. HP: 18/21 MP: 10/10
  2091 | D:2      | Reached skill level 1 in Conjurations
  2947 | D:3      | Found a sparkling altar of Nemelex Xobeh.
  3054 | D:3      | Reached XP level 5. HP: 19/24 MP: 7/12
  3218 | D:3      | You fall through a shaft for 3 floors!
  3398 | D:6      | Reached skill level 1 in Air Magic
  3442 | D:6      | Found a sacrificial altar of Ru.
  3529 | D:6      | Found a stormy altar of Qazlal.
  3720 | D:6      | Reached XP level 6. HP: 26/29 MP: 7/14
  3810 | D:5      | Entered Level 5 of the Dungeon
  4026 | D:4      | Found a glowing silver altar of Zin.
  4056 | D:4      | Reached skill level 5 in Spellcasting
  4256 | D:4      | Slain by an ice beast

Vault maps used:
D:1:      onia_arrival_pyramid
D:2:      first_bread, glass_columns_a
D:3:      nicolae_overflow_crystal_walls
D:4:      nicolae_overflow_hidden_temple, gammafunk_temple_overflow_pools,
          minmay_temple_entry_butterflies, due_unseen_surprise
D:5:      tgw_trog
D:6:      lemuel_ice_spiral_2, nicolae_ru_great_annihilating_truth,
          overflow_temple_1_default, grunt_ministairs_11

Action                   |  1- 3 |  4- 6 || total
-------------------------+-------+-------++-------
Melee: Short sword       |    47 |    61 ||   108
 Fire: Blowgun           |       |     1 ||     1
 Cast: Sting             |    72 |    85 ||   157
       Mephitic Cloud    |       |     4 ||     4
  Use: Scroll            |       |     6 ||     6
       Potion            |       |     1 ||     1
 Stab: Sleeping          |       |     6 ||     6
       Confused          |       |     4 ||     4
       Invisible         |       |     1 ||     1
  Eat: Pizza             |       |     1 ||     1
